 Dungeon Crawl Stone Soup version 0.29-a0-409-gd843f3a48c (webtiles) character file.

Game seed: 15165142692429318979

1172 Pelinal the Insei (level 8, 0/37 HPs)
             Began as a Vine Stalker Transmuter on May 14, 2022.
             Slain by a water moccasin zombie (7 damage)
             ... on level 5 of the Dungeon.
             The game lasted 00:09:14 (4728 turns).

Pelinal the Insei (Vine Stalker Transmuter)         Turns: 4728, Time: 00:09:14

Health: 0/37       AC:  2    Str: 14    XL:     8   Next: 41%
Magic:  0/12       EV: 19    Int: 13    God:
Gold:   170        SH:  0    Dex: 21    Spells: 5/11 levels left

rFire   . . .      SeeInvis .     - Unarmed
rCold   . . .      Faith    .   (shield currently unavailable)
rNeg    . . .      Spirit   +   (body armour currently unavailable)
rPois   x          Reflect  .   (helmet currently unavailable)
rElec   .          Harm     .   (cloak currently unavailable)
rCorr   .          Rampage  .   (gloves currently unavailable)
Will    +....                   (boots currently unavailable)
Stlth   ++........              (no amulet)
HPRegen 0.92/turn               l - ring of wizardry
MPRegen 0.13/turn               (no ring)

@: spider-form
A: venomous fangs, tiny, (fangs 3), regeneration 1, magic shield, (antimagic
bite), no potion heal 2
a: End Transformation


You were on level 5 of the Dungeon.
You were a venomous arachnid creature.
You visited 1 branch of the dungeon, and saw 5 of its levels.

You collected 170 gold pieces.

Inventory:

Hand Weapons
 A - the +4 mace of Rutrip {vorpal, Will- Str+4 Int+5}
   (You found it on level 5 of the Dungeon)

   It inflicts extra damage upon your enemies.
   Str:       It affects your strength (+4).
   Int:       It affects your intelligence (+5).
   Will:      It decreases your willpower.
Missiles
 d - 10 poisoned darts
 n - 4 boomerangs of dispersal
 t - 70 stones
Armour
 a - a +0 robe (melded)
 g - a +0 helmet (melded)
 m - a +0 pair of boots (melded)
 p - a +0 pair of gloves (melded)
Jewellery
 e - a ring of positive energy
 l - a ring of wizardry (left front leg)
 o - a +4 ring of protection
 y - a ring of wizardry
Scrolls
 b - a scroll of amnesia {unknown}
 c - 3 scrolls of enchant armour {unknown}
 h - a scroll of blinking {unknown}
 q - a scroll of immolation {unknown}
 v - 2 scrolls of teleportation {unknown}
 w - a scroll of fear {unknown}
 x - a scroll of fog {unknown}
 B - a scroll of poison {unknown}
 C - a scroll of enchant weapon {unknown}
Potions
 f - a potion of resistance {unknown}
 i - 4 potions of ambrosia
 j - a potion of cancellation {unknown}
 k - a potion of mutation {unknown}
 r - a potion of lignification
 s - a potion of curing {unknown}
 u - a potion of magic {unknown}
 z - a potion of attraction {unknown}


   Skills:
 - Level 1.1 Fighting
 - Level 1.7 Dodging
 - Level 7.1 Unarmed Combat
 - Level 2.3 Spellcasting
 + Level 5.6 Transmutations
 + Level 4.4 Poison Magic


You had 5 spell levels left.
You knew the following spells:

 Your Spells              Type           Power      Damage    Failure   Level
a - Beastly Appendage     Tmut           32%        N/A       4%          1
b - Wereblood             Tmut           16%        N/A       4%          2
c - Spider Form           Tmut/Pois      14%        N/A       10%         3

Your spell library contained the following spells:

 Spells                   Type           Power      Damage    Failure   Level
 Ice Form                 Ice/Tmut       8%         N/A       45%         4


Dungeon Overview and Level Annotations

Branches:
Dungeon (5/15)
 Temple: D:4-7

Altars:
Hepliaklqana
Nemelex Xobeh

Annotations:
D:4 3 runed translucent doors, exclusion: 3 doors, MudFish's ghost, novice VSCj


Innate Abilities, Weirdness & Mutations

You are a venomous arachnid creature.
You have poisonous fangs.
You are tiny and dextrous.
Your spellcasting is less reliable in this form.
Your armour is entirely melded.
You are incapable of wielding weapons or throwing items.
((You have razor-sharp teeth.))
Your natural rate of healing is unusually fast.
When hurt, damage is shared between your health and your magic reserves.
((Your bite disrupts and absorbs the magic of your enemies.))
Potions cannot restore your health.


Message History

You hit the hornet zombie.
The hornet zombie is heavily damaged.
The hornet zombie hits you!
You are too injured to fight recklessly!
The hornet zombie attacks as you move away!
The hornet zombie misses you.
You see here a scroll labelled ACZEUD ZILIUXE.
Unknown command.
You are too injured to fight recklessly!
You are too injured to fight recklessly!
Unknown command.
You bite the hornet zombie!
The hornet zombie is heavily damaged.
The hornet zombie hits you!
* * * LOW HITPOINT WARNING * * *
You hit the hornet zombie.
The hornet zombie is severely damaged.
The hornet zombie closely misses you.
The hornet zombie attacks as you move away!
The hornet zombie barely misses you.
The hornet zombie attacks as you move away!
The hornet zombie closely misses you. The hornet zombie misses you.
You bite the hornet zombie!
The hornet zombie is severely damaged.
The hornet zombie closely misses you.
You hit the hornet zombie.
The hornet zombie is almost destroyed.
The hornet zombie hits you!
* * * LOW HITPOINT WARNING * * *
You bite the hornet zombie!
The hornet zombie is almost destroyed.
The hornet zombie misses you.
Unknown command.
You hit the hornet zombie.
You destroy the hornet zombie!
The water moccasin zombie bites you but does no damage.
Unknown command.
The water moccasin zombie attacks as you move away!
The water moccasin zombie bites you!
You die...

#.#.#.##.#...
.##.#)
#.>###.#.....
..#.#. #.##
##.####† ......#
#..###.#####.
......
#...#.###....
#.... ###..##
#.##. #... #.##
# #.
#..###########.#
#.
#.†.?Zs.......#
....
###############
####


You could see a water moccasin zombie.

Vanquished Creatures
  A water moccasin (D:5)
  A hornet zombie (D:5)
  An ogre (D:5)
  A black bear (D:5)
  A phantom (D:4)
  2 scorpions
  A necrophage (D:4)
  A water moccasin zombie (D:5)
  A jelly (D:5)
  A bullfrog zombie (D:5)
  6 hounds
  An orc priest (D:2)
  2 scorpion zombies (D:5)
  A hound skeleton (D:5)
  2 howler monkey zombies (D:5)
  A gnoll (D:1)
  A howler monkey skeleton (D:5)
  4 adders
  A worm (D:2)
  3 dart slugs
  6 orcs
  11 ball pythons
  6 endoplasms
  5 giant cockroaches
  3 goblins
  6 hobgoblins
  4 jackals (D:2)
  5 quokkas
  5 bats
  3 frilled lizards (D:1)
  7 kobolds
  5 rats
99 creatures vanquished.

Vanquished Creatures (others)
  10 plants (D:5)
  9 withered plants (D:5)
19 creatures vanquished.

Grand Total: 118 creatures vanquished

Notes
Turn   | Place    | Note
-------+----------+-------------------------------------------
     0 | D:1      | Pelinal the Vine Stalker Transmuter began the quest for the
                  | Orb.
     0 | D:1      | Reached XP level 1. HP: 9/9 MP: 4/4
   236 | D:1      | Reached skill level 1 in Fighting
   236 | D:1      | Reached XP level 2. HP: 7/14 MP: 3/6
  1049 | D:1      | Found a faded altar of an unknown god.
  1178 | D:1      | Reached XP level 3. HP: 18/18 MP: 5/7
  1254 | D:1      | Learned a level 2 spell: Wereblood
  2256 | D:2      | Gained mutation: Your natural rate of healing is unusually
                  | fast. [Vine Stalker growth]
  2256 | D:2      | Reached XP level 4. HP: 13/22 MP: 8/8
  2346 | D:2      | Reached skill level 4 in Unarmed Combat
  2765 | D:3      | Noticed a scorpion
  2770 | D:3      | Killed a scorpion
  2771 | D:3      | Reached skill level 5 in Unarmed Combat
  2771 | D:3      | Reached XP level 5. HP: 25/25 MP: 7/9
  2889 | D:3      | You fall into a shaft and drop 2 floors!
  2889 | D:5      | Entered Level 5 of the Dungeon
  3537 | D:4      | Reached XP level 6. HP: 26/30 MP: 7/10
  3593 | D:4      | Reached skill level 6 in Unarmed Combat
  3683 | D:4      | Found a hazy altar of Hepliaklqana.
  3773 | D:4      | Found a runed translucent gate.
  3774 | D:4      | Found a runed translucent gate.
  3775 | D:4      | Found a runed translucent gate.
  3775 | D:4      | Noticed MudFish's ghost (novice VSCj)
  3879 | D:4      | Reached skill level 7 in Unarmed Combat
  3879 | D:4      | Reached XP level 7. HP: 30/33 MP: 9/11
  3949 | D:4      | Learned a level 3 spell: Spider Form
  3958 | D:4      | Found a sparkling altar of Nemelex Xobeh.
  4124 | D:5      | Identified the +4 mace of Rutrip {vorpal, Will- Str+4
                  | Int+5}
  4205 | D:5      | Reached skill level 1 in Poison Magic
  4435 | D:5      | Gained mutation: You have razor-sharp teeth. [Vine Stalker
                  | growth]
  4435 | D:5      | Reached XP level 8. HP: 33/37 MP: 7/12
  4569 | D:5      | Reached skill level 5 in Transmutations
  4728 | D:5      | Slain by a water moccasin zombie

Illustrated notes

Levels and vault maps discovered:
D:1:      amcnicky_arrival_flooded_fountain, layout_loops_ring,
          dreamdust_ecumenical_altar_hidden_monk_grotto, minmay_pentomino_w4
D:2:      layout_basic, minmay_misc_feat_chi, patterned_corridor
D:3:      layout_loops_ring
D:4:      layout_rooms, lemuel_coloured_pillars_altar,
          mainiacjoe_overflow_alcove_2, gammafunk_ghost_nasty_kobolds,
          grunt_ministairs_12, serial_bayou_crossing
D:5:      layout_loops_corners, bloody_makhleb, kennysheep_little_box,
          mainiacjoe_overflow_small_starburst, serial_undead, serial_undead_e,
          serial_undead_b, serial_undead_b, serial_undead_b, serial_undead_a,
          serial_undead_d, serial_undead_a, gup_sewer_entry_pipe,
          serial_bayou_lake_a

Skill      XL: |  1  2  3  4  5  6  7  8 |
---------------+-------------------------+-----
Fighting       | 1 |  1.1
Transmutations | 3 4 5 |  5.6
Unarmed Combat | 5 7 |  7.1
Poison Magic   | 3 4 |  4.4
Dodging        | |  1.7
Spellcasting   | |  2.3

Action                   |  1- 3 |  4- 6 |  7- 9 || total
-------------------------+-------+-------+-------++-------
Melee: Unarmed           |    84 |    81 |   104 ||   269
       Bite              |    17 |    14 |    16 ||    47
       Headbutt          |    15 |    17 |    11 ||    43
       Kick              |    17 |    24 |    15 ||    56
       Punch             |       |     4 |     2 ||     6
 Cast: Beastly Appendage |    27 |    19 |     6 ||    52
       Spider Form       |       |       |     6 ||     6
  Use: Potion            |       |     1 |       ||     1
       Scroll            |       |     2 |       ||     2
 Stab: Sleeping          |     1 |     1 |       ||     2
Armor: Robe              |    17 |    13 |    10 ||    40
       Skin              |       |     2 |     4 ||     6
Dodge: Dodged            |    43 |    59 |    59 ||   161

Table legend: (Time is in decaauts)
 A = Elapsed time spent in this place.
 B = Non-inter-level travel time spent in this place.
 C = Inter-level travel time spent in this place.
 D = Time resting spent in this place.
 E = Time spent auto-exploring this place.
 F = Levels seen in this place.
 G = Mean time per level.
                   A        B        C        D        E       F      G
               +--------+--------+--------+--------+--------+-----+--------+
         Total |   4714 |   4557 |    157 |    718 |   2875 |   5 |  942.8 |
       Dungeon |   4714 |   4557 |    157 |    718 |   2875 |   5 |  942.8 |
               +--------+--------+--------+--------+--------+-----+--------+

Top non-repeatable levels by time:
     D:1: 1546 daAuts
     D:2: 1125 daAuts
     D:3: 830 daAuts
     D:5: 614 daAuts
     D:4: 597 daAuts
